 Dungeon Crawl Stone Soup version 0.19-a0-1072-g3763c35 (webtiles) character file.

144 Jmtri7 the Sneak (level 5, -1/25 HPs)
             Began as a Spriggan Hunter on Aug 5, 2016.
             Slain by a scorpion (6 damage)
             ... on level 4 of the Dungeon.
             The game lasted 00:03:11 (941 turns).

Jmtri7 the Sneak (Spriggan Hunter)                   Turns: 941, Time: 00:03:12

Health: -1/25      AC:  2    Str:  8    XL:     5   Next: 5%
Magic:  6/6        EV: 18    Int: 13    God:
Gold:   53         SH:  0    Dex: 17    Spells: 0 memorised, 4 levels left

rFire  . . .     SeeInvis +     a - +1 shortbow
rCold  . . .     Gourm    .     c - +0 robe
rNeg   . . .     Faith    .     (shield currently unavailable)
rPois  .         Spirit   .     (helmet restricted)
rElec  .         Dismiss  .     (no cloak)
rCorr  .         Reflect  .     (gloves unavailable)
SustAt .         Harm     .     (boots unavailable)
MR     .....                    (no amulet)
Stlth  ++++......               (no ring)
                                (no ring)

@: very quick
A: unfitting armour, see invisible, herbivore 3, speed 3, slow metabolism 2
a: no special abilities


You were on level 4 of the Dungeon.
You were not hungry.

You visited 1 branch of the dungeon, and saw 3 of its levels.

You collected 53 gold pieces.

Inventory:

Hand Weapons
 a - a +1 shortbow (weapon)
 b - a +0 short sword
Missiles
 d - 27 arrows (quivered)
Armour
 c - a +0 robe (worn)
Scrolls
 g - a scroll of teleportation {unknown}
 h - a scroll of amnesia {unknown}
 j - a scroll of remove curse {unknown}
 k - a scroll of noise {unknown}
 l - a scroll of identify {unknown}
Potions
 e - a potion of haste {unknown}
 i - 2 potions of curing {unknown}
 m - a potion of lignification {unknown}
Comestibles
 f - 2 bread rations
 n - a slice of pizza


   Skills:
 - Level 1.5 Fighting
 - Level 4.8 Bows
 - Level 3.0 Dodging
 + Level 7.8 Stealth


You had 4 spell levels left.
You didn't know any spells.

Dungeon Overview and Level Annotations

Branches:
Dungeon (2/15)

Altars:


Innate Abilities, Weirdness & Mutations

You are tiny and cannot use many weapons and most armour.
You have supernaturally acute eyesight. (SInv)
You are a herbivore.
You cover ground extremely quickly.
You need consume almost no food.


Message History

The scorpion closely misses you.
Firing (i - inventory):
d - 30 arrows (quivered)
Press: ? - help, Shift-Dir - straight line, f/p - scorpion
Aim: a scorpion (almost dead)
You shoot an arrow. The arrow closely misses the scorpion.
The scorpion closely misses you.
Firing (i - inventory):
d - 29 arrows (quivered)
Press: ? - help, Shift-Dir - straight line, f/p - scorpion
Aim: a scorpion (almost dead)
You shoot an arrow.
The arrow hits the scorpion but does no damage.
The scorpion is almost dead.
The scorpion misses you.
Firing (i - inventory):
d - 28 arrows (quivered)
Press: ? - help, Shift-Dir - straight line, f/p - scorpion
Aim: a scorpion (almost dead)
You shoot an arrow. The arrow hits the scorpion.
The scorpion is almost dead.
The scorpion stings you.
You die...

####....##..#..####
#....'.........#
#....#...#..####
#....#......#
#....#...####
#....+......#
#....##..##.#
##+####.†# # #.@#
#.(s((# #######


You could see a scorpion.

Vanquished Creatures
  An ogre (D:4)
  2 adders (D:2)
  2 worms
  2 dart slugs (D:1)
  A giant gecko (D:1)
  5 bats
  A giant cockroach (D:1)
  4 goblins
  3 hobgoblins (D:1)
  A giant newt (D:1)
  6 kobolds (D:1)
  4 rats (D:1)
32 creatures vanquished.

Notes
Turn   | Place    | Note
-------+----------+-------------------------------------------
     0 | D:1      | Jmtri7 the Spriggan Hunter began the quest for the Orb.
     0 | D:1      | Reached XP level 1. HP: 10/10 MP: 2/2
    69 | D:1      | Reached skill level 2 in Stealth
   123 | D:1      | Reached skill level 3 in Stealth
   163 | D:1      | Reached XP level 2. HP: 14/14 MP: 3/3
   265 | D:1      | Reached skill level 4 in Stealth
   626 | D:1      | Reached XP level 3. HP: 18/18 MP: 4/4
   644 | D:2      | Reached skill level 5 in Stealth
   781 | D:2      | You fall through a shaft for 2 floors!
   781 | D:4      | Noticed an ogre
   790 | D:4      | Killed an ogre
   790 | D:4      | Reached skill level 7 in Stealth
   790 | D:4      | Reached XP level 4. HP: 13/22 MP: 5/5
   790 | D:4      | Reached XP level 5. HP: 15/25 MP: 6/6
   941 | D:4      | Slain by a scorpion

Vault maps used:
D:1:      lemuel_arrival_muddy, minmay_quantized
D:2:      hangedman_decor_push
D:4:      first_bread, okawaru_metal_pillars_1_2, uniq_sigmund

Skill      XL: |  1  2  3 |
---------------+----------+-----
Stealth        | 3 4 7 |  7.8
Fighting       | |  1.5
Bows           | |  4.8
Dodging        | |  3.0

Action                   |  1- 3 |  4- 6 || total
-------------------------+-------+-------++-------
 Fire: Shortbow          |   104 |    19 ||   123
Armor: Robe              |     3 |       ||     3
Dodge: Dodged            |    28 |    10 ||    38
